 Dungeon Crawl Stone Soup version 0.28.0-53-g5a82cb258f (webtiles) character file.

Game seed: 7236869502461828716

107 DildoBatman the Conjurer (level 5, 0/38 HPs)
             Began as a Formicid Conjurer on July 16, 2022.
             Slain by a goblin
             ... wielding a +0 dagger
              (1 damage)
             ... on level 3 of the Dungeon.
             The game lasted 00:03:12 (1718 turns).

DildoBatman the Conjurer (Formicid Conjurer)        Turns: 1718, Time: 00:03:13

Health: 0/38       AC:  4    Str: 12    XL:     5   Next: 10%
Magic:  9/9        EV: 11    Int: 17    God:
Gold:   57         SH:  0    Dex: 11    Spells: 7/10 levels left

rFire   + . .      SeeInvis +   b - +0 dagger
rCold   . . .      Faith    .   (no shield)
rNeg    . . .      Spirit   .   e - +1 leather armour {rF+}
rPois   .          Reflect  .   (helmet unavailable)
rElec   .          Harm     .   (no cloak)
rCorr   .          Rampage  .   (no gloves)
Will    .....                   (no boots)
Stlth   ++........              m - amulet of magic regeneration
HPRegen 0.12/turn               (no ring)
MPRegen 0.51/turn               (no ring)

@: no status effects
A: permanent stasis, dig shafts and tunnels, antennae 3, four strong arms
a: Dig, Shaft Self


You were on level 3 of the Dungeon.
You visited 1 branch of the dungeon, and saw 3 of its levels.

You collected 57 gold pieces.

Inventory:

Hand Weapons
 b - a +0 dagger (weapon)
Missiles
 c - 104 stones
 d - 49 sling bullets
 n - 20 arrows
 o - 6 bolts
Armour
 e - a +1 leather armour of fire resistance (worn)
Jewellery
 m - an amulet of magic regeneration (around neck)
Scrolls
 f - 2 scrolls of immolation {unknown}
 g - a scroll of holy word {unknown}
 i - 3 scrolls of teleportation {unknown}
 l - a scroll of blinking {unknown}
Potions
 h - a potion of heal wounds {unknown}
 j - a potion of brilliance {unknown}
 k - 2 potions of flight {unknown}


   Skills:
 * Level 2.0 Fighting
 * Level 2.1 Armour
 - Level 2.0 Dodging
 - Level 2.4 Stealth
 * Level 3.0 Spellcasting
 * Level 4.1 Conjurations


You had 7 spell levels left.
You knew the following spells:

 Your Spells              Type           Power      Damage    Failure   Level
a - Searing Ray           Conj           32%        2d5       6%          2
c - Magic Dart            Conj           64%        1d6       4%          1

Your spell library contained the following spells:

 Spells                   Type           Power      Damage    Failure   Level
 Shock                    Conj/Air       36%        1d5       10%         1
 Dazzling Flash           Conj/Hex       18%        N/A       28%         3
 Fulminant Prism          Conj/Hex       4%         3d6       67%         4
 Iskenderun's Mystic Bla  Conj/Tloc      9%         2d4       67%         4
 Airstrike                Air            1%         N/A       91%         4
 Swiftness                Air            Unusable   N/A       N/A         3

Dungeon Overview and Level Annotations

Branches:
Dungeon (3/15)

Altars:

Shops:
D:1 =

Annotations:
D:3 exclusion: water moccasin, Jessica


Innate Abilities, Weirdness & Mutations

You cannot be hasted, slowed, berserked, paralysed or teleported.
You can dig through walls and to a lower floor.
You have a pair of large antennae on your head. (SInv)
Your four strong arms can wield two-handed weapons with a shield.


Message History

Anything else - Cancel.
You shout for attention!
The goblin barely misses you. The frilled lizard bites you.
What are your orders? t - Shout!
Orders for allies: a - Attack new target. r - Retreat! s - Stop attacking. g - Guard the area. f - Follow me.
Anything else - Cancel.
You shout for attention!
The goblin hits you with a +0 dagger. The frilled lizard bites you.
What are your orders? t - Shout!
Orders for allies: a - Attack new target. r - Retreat! s - Stop attacking. g - Guard the area. f - Follow me.
Anything else - Cancel.
You shout for attention!
The goblin hits you with a +0 dagger.
The frilled lizard bites you but does no damage.
What are your orders? t - Shout!
Orders for allies: a - Attack new target. r - Retreat! s - Stop attacking. g - Guard the area. f - Follow me.
Anything else - Cancel.
You shout for attention!
The goblin hits you but does no damage. The frilled lizard bites you.
What are your orders? t - Shout!
Orders for allies: a - Attack new target. r - Retreat! s - Stop attacking. g - Guard the area. f - Follow me.
Anything else - Cancel.
You shout for attention!
The goblin hits you with a +0 dagger.
You die...

######## #... ..# ...#.#
#####.#.######
.............###########
.>.....@..............†.
#.#.#(.lg###.######...##
#....# #.# #...##
#....###.######...##
...............'.....
#.#.#############...##
#.#. ##### . #.


You could see a goblin and a frilled lizard.

Vanquished Creatures
  A necrophage (D:3)
  A worm (D:2)
  A bat (D:3)
  4 endoplasms
  7 goblins
  A hobgoblin (D:3)
  3 ball pythons
  A frilled lizard (D:1)
  A kobold (D:2)
  2 rats (D:1)
22 creatures vanquished.

Notes
Turn   | Place    | Note
-------+----------+-------------------------------------------
     0 | D:1      | DildoBatman the Formicid Conjurer began the quest for the
                  | Orb.
     0 | D:1      | Reached XP level 1. HP: 13/13 MP: 3/3
   130 | D:1      | Found Ygisul Koeje's Jewellery Shop.
   350 | D:1      | Reached XP level 2. HP: 20/20 MP: 5/5
   353 | D:1      | Learned a level 2 spell: Searing Ray
  1206 | D:2      | Reached skill level 1 in Armour
  1319 | D:2      | Reached skill level 1 in Fighting
  1319 | D:2      | Reached XP level 3. HP: 22/26 MP: 3/6
  1416 | D:2      | Found a faded altar of an unknown god.
  1444 | D:3      | Noticed Jessica
  1583 | D:3      | Noticed a water moccasin
  1652 | D:3      | Noticed a necrophage
  1666 | D:3      | Killed a necrophage
  1667 | D:3      | Reached skill level 4 in Conjurations
  1667 | D:3      | Reached XP level 4. HP: 28/33 MP: 0/8
  1667 | D:3      | Reached XP level 5. HP: 32/38 MP: 0/9
  1717 | D:3      | HP: 1/38 [frilled lizard (2)]
  1718 | D:3      | Slain by a goblin

Illustrated notes

Levels and vault maps discovered:
D:1:      dpeg_arrival_arbitrary_a, layout_basic, serial_shops, shop
D:2:      layout_basic, shapermc_ecumenical_altar_mp_vishouse, st_stairs_12
D:3:      layout_basic, uniq_jessica

Skill      XL: |  1  2  3 |
---------------+----------+-----
Dodging        | 2 |  2.0
Armour         | 1 2 |  2.1
Fighting       | 1 2 |  2.0
Spellcasting   | 3 |  3.0
Conjurations   | 4 |  4.1
Stealth        | |  2.4

Action                   |  1- 3 |  4- 6 || total
-------------------------+-------+-------++-------
Melee: Dagger            |    21 |       ||    21
 Cast: Magic Dart        |    24 |       ||    24
       Searing Ray       |     4 |       ||     4
 Stab: Sleeping          |     4 |       ||     4
Armor: Leather armour    |     2 |    18 ||    20
Dodge: Dodged            |    14 |    22 ||    36
